AoeStats
← ilia topuria

Glade

510793815Analyzed
1v1 RM · 13h ago on Oct 2, 2026· 50m 37s· 2 players
Game mode
Random Map
Map size
Tiny (2 player)
Population
200
Speed
Normal
Resources
Standard
Victory
Conquest
Starting age
Dark Age
Ending age
Imperial Age
RankedLock teamsTeams togetherTeam positionsShared explorationLock speedFull tech treeHidden civsTurbo modeCheats
Victory
Defeat
🇹🇷 Tatars · Türkiye
1082
+16
🇦🇷 Franks · Argentina
1074
-16
Racing corazon
5:58 Loom
9:15 Feudal Age
16:00 Castle Age
15:16 Double-Bit Axe
17:38 Wheelbarrow
16:50 Town Watch
17:47 Gold Mining
17:49 Stone Mining
29:33 Imperial Age
29:54 Bow Saw
31:32 Pikeman
32:12 Squires
31:58 Arson
33:46 Husbandry
34:22 Hand Cart
34:23 Heavy Scorpion
37:41 Scale Mail Armor
37:47 Scale Barding Armor
37:52 Forging
46:19 Chain Mail Armor
46:26 Chain Barding Armor
49:23 Halberdier
ilia topuria
9:18 Feudal Age
10:57 Loom
15:07 Castle Age
14:28 Fletching
14:29 Double-Bit Axe
15:05 Town Watch
15:22 Horse Collar
17:49 Scale Barding Armor
19:14 Bodkin Arrow
20:41 Bloodlines
35:33 Forging
36:07 Husbandry
44:55 Wheelbarrow
45:07 Chain Barding Armor
49:51 Iron Casting
Connection lost

Rejoining the realm…

Still unreachable

The connection could not be restored.

Session expired

The server has moved on; the page needs a fresh start.